 Dungeon Crawl Stone Soup version 0.30-a0-800-g7c544603b3 (webtiles) character file.

Game seed: 5416163197164676466

41 Sabo the Charlatan (level 3, -4/25 HPs)
             Began as a Gnoll Wanderer on Feb 21, 2023.
             Slain by Crazy Yiuf
             ... wielding a +3 quarterstaff of chaos
              (8 damage)
             ... on level 2 of the Dungeon.
             The game lasted 00:11:07 (1916 turns).

Sabo the Charlatan (Gnoll Wanderer)                 Turns: 1916, Time: 00:11:08

Health: -4/25      AC:  4    Str: 16    XL:     3   Next: 52%
Magic:  7/7        EV: 11    Int: 12    God:
Gold:   96         SH:  0    Dex:  7    Spells: 7/7 levels left

rFire   . . .      SeeInvis .    a - +2 quarterstaff
rCold   . . .      Faith    .    (shield currently unavailable)
rNeg    . . .      Spirit   .    d - +0 leather armour
rPois   +          Reflect  .    h - +0 helmet
rElec   .          Harm     .    (no cloak)
rCorr   .          Rampage  .    (no gloves)
Will    .....                    (no boots)
Stlth   +                        (no amulet)
HPRegen 0.24/turn                l - ring of wizardry
MPRegen 0.10/turn                n - ring of poison resistance

@: no status effects
A: fangs 1, strong nose, distributed training
a: no special abilities


You were on level 2 of the Dungeon.
You visited 1 branch of the dungeon, and saw 2 of its levels.

You collected 96 gold pieces.

Inventory:

Hand Weapons
 a - a +2 quarterstaff (weapon)
 i - a +0 sling
Missiles
 o - 6 poisoned darts
Armour
 d - a +0 leather armour (worn)
 h - a +0 helmet (worn)
Jewellery
 l - a ring of wizardry (left hand)
 n - a ring of poison resistance (right hand)
Wands
 b - a wand of polymorph (5) (quivered)
Scrolls
 e - 2 scrolls of teleportation
 f - 2 scrolls of identify {unknown}
 g - a scroll of noise {unknown}
 j - a scroll of enchant armour {unknown}
 k - a scroll of fear {unknown}
 s - a scroll of enchant weapon {unknown}
Potions
 c - a potion of lignification
 m - a potion of heal wounds {unknown}
 p - a potion of berserk rage {unknown}
 q - a potion of mutation {unknown}
 r - a potion of degeneration {unknown}


   Skills:
 + Level 0.9 Fighting
 + Level 0.9 Short Blades
 + Level 0.9 Long Blades
 + Level 0.9 Axes
 + Level 0.9 Maces & Flails
 + Level 0.9 Polearms
 + Level 4.5 Staves
 + Level 0.9 Ranged Weapons
 + Level 2.6 Throwing
 + Level 0.9 Armour
 + Level 0.9 Dodging
 + Level 0.9 Stealth
 + Level 0.9 Shields
 + Level 0.9 Unarmed Combat
 + Level 2.8 Spellcasting
 + Level 0.6 Conjurations
 + Level 0.6 Hexes
 + Level 0.6 Summonings
 + Level 5.4 Necromancy
 + Level 0.6 Translocations
 + Level 0.6 Transmutations
 + Level 0.6 Fire Magic
 + Level 0.6 Ice Magic
 + Level 0.6 Air Magic
 + Level 0.6 Earth Magic
 + Level 0.6 Poison Magic
 + Level 1.0 Invocations
 + Level 6.5 Evocations


You had 7 spell levels left.
You didn't know any spells.
Your spell library contained the following spells:

 Spells                   Type           Power      Damage    Failure   Level
 Sublimation of Blood     Necr           14%        N/A       1%          2
 Cigotuvi's Dreadful Rot  Necr/Pois/Air  14%        N/A       8%          2


Dungeon Overview and Level Annotations

Branches:
Dungeon (2/15)

Altars:

Annotations:
D:2 Crazy Yiuf


Innate Abilities, Weirdness & Mutations

You have very sharp teeth.
Your uncanny sense of smell can sniff out nearby items.
Your experience applies equally to all skills.


Message History

The goblin shouts!
The goblin hits you but does no damage.
You barely miss the goblin. The goblin hits you but does no damage.
You barely miss the goblin. The goblin hits you with a +0 club.
You barely miss the goblin. You bite the goblin, but do no damage.
The goblin hits you with a +0 club.
You barely miss the goblin. The goblin hits you but does no damage.
You completely miss the goblin. The goblin hits you but does no damage.
The goblin hits you with a +0 club.
You barely miss the goblin. Your bite misses the goblin.
The goblin barely misses you.
You hit the goblin.
You kill the goblin!
Things that are here:
a +0 club; a goblin corpse You start resting.
HP restored.
There is a stone staircase leading down here.
There is a stone staircase leading down here.
There is an escape hatch in the floor here.
Found 3 gold pieces.
Found a stone staircase leading down.
You now have 96 gold pieces (gained 3).
There is a stone staircase leading down here.
Found a scroll labelled ENOTOI SENYAX.
s - a scroll labelled ENOTOI SENYAX
There is a stone staircase leading up here.
Crazy Yiuf shouts!
You open the door. You hit Crazy Yiuf.
Crazy Yiuf is lightly wounded.
Crazy Yiuf hits you with a +3 quarterstaff of chaos.
You hit Crazy Yiuf. You bite Crazy Yiuf, but do no damage.
Crazy Yiuf is moderately wounded.
Crazy Yiuf whimpers, "Shadow infinity noodlescoop!"
Crazy Yiuf hits you with a +3 quarterstaff of chaos!
Ouch! That really hurt!
* * * LOW HITPOINT WARNING * * *
Crazy Yiuf freezes you!
You die...

####### #.(.>.#
#.###.# ### #.###
####...### #.........
####♣♣ ### #..###.###
##..#.♣♣ ♣♣#..)# #..#
#.# #
####......♣♣♣♣@g...#
#..# #.# #
###.#........♣..♣#...#
##.# #.# #
#...<....#..♣.♣♣♣ ###
#.# #.###
#.....####♣♣♣♣♣
##.###.... ........#
#.....####
#.....#.#######
###.##.# #
.....##.##....#
#.#.##.####
...)....###...##
#........##
#...####.....>.#
#.##.....##


You could see Crazy Yiuf.

Vanquished Creatures
  A worm (D:2)
  A dart slug (D:1)
  4 endoplasms (D:1)
  3 hobgoblins
  4 jackals (D:1)
  3 kobolds
  5 ball pythons
  2 bats (D:1)
  2 frilled lizards (D:1)
  6 goblins
  3 rats
34 creatures vanquished.

Notes
Turn   | Place    | Note
-------+----------+-------------------------------------------
     0 | D:1      | Sabo the Gnoll Wanderer began the quest for the Orb.
     0 | D:1      | Sabo set off with the following items: a +2 quarterstaff, a
                  | wand of polymorph (5), a potion of lignification, a +0
                  | leather armour; and the following spells available to
                  | memorise: Sublimation of Blood, Cigotuvi's Dreadful Rot.
     0 | D:1      | Reached XP level 1. HP: 13/13 MP: 4/4
   202 | D:1      | Reached XP level 2. HP: 11/20 MP: 5/5
   492 | D:1      | Reached XP level 3. HP: 6/25 MP: 7/7
   987 | D:1      | Upgraded the game from 0.30-a0-799-g109b55a442 to
                  | 0.30-a0-800-g7c544603b3
  1009 | D:2      | Found a faded altar of an unknown god.
  1264 | D:2      | Found a runed translucent door.
  1398 | D:2      | Reached skill level 1 in Invocations
  1911 | D:2      | Noticed Crazy Yiuf
  1916 | D:2      | Slain by Crazy Yiuf

Illustrated notes

Levels and vault maps discovered:
D:1:      wheals_arrival_linesprint, layout_loops_ring
D:2:      layout_loops_ring, nicolae_ecumenical_oubliette,
          nicolae_figureground_sparkle, uniq_crazy_yiuf_cottage

Skill      XL: |  1  2  3 |
---------------+----------+-----
Invocations    | 1 |  1.0
Fighting       | |  0.9
Short Blades   | |  0.9
Long Blades    | |  0.9
Axes           | |  0.9
Maces & Flails | |  0.9
Polearms       | |  0.9
Staves         | |  4.5
Ranged Weapons | |  0.9
Throwing       | |  2.6
Armour         | |  0.9
Dodging        | |  0.9
Stealth        | |  0.9
Shields        | |  0.9
Unarmed Combat | |  0.9
Spellcasting   | |  2.8
Conjurations   | |  0.6
Hexes          | |  0.6
Summonings     | |  0.6
Necromancy     | |  5.4
Translocations | |  0.6
Transmutations | |  0.6
Fire Magic     | |  0.6
Ice Magic      | |  0.6
Air Magic      | |  0.6
Earth Magic    | |  0.6
Poison Magic   | |  0.6
Evocations     | |  6.5

Action                     || total
---------------------------++-------
  Melee: Quarterstaff      ||    95
         Bite              ||    13
    Use: Scroll            ||     1
 Armour: Leather armour    ||    33
  Dodge: Dodged            ||    67

Table legend: (Time is in decaauts)
 A = Elapsed time spent in this place.
 B = Non-inter-level travel time spent in this place.
 C = Inter-level travel time spent in this place.
 D = Time resting spent in this place.
 E = Time spent auto-exploring this place.
 F = Levels seen in this place.
 G = Mean time per level.
                   A        B        C        D        E       F      G
               +--------+--------+--------+--------+--------+-----+--------+
         Total |   1921 |   1921 |      0 |    316 |      0 |   2 |  960.5 |
       Dungeon |   1921 |   1921 |      0 |    316 |      0 |   2 |  960.5 |
               +--------+--------+--------+--------+--------+-----+--------+

Top non-repeatable levels by time:
     D:1: 1023 daAuts
     D:2: 898 daAuts
